 Dungeon Crawl Stone Soup version 0.28-a0-1404-g4df0f3684d (webtiles) character file.

Game seed: 7941835362291623421

218 rogsnak the Magician (level 6, -5/42 HPs)
             Began as a Djinni Hedge Wizard on Jan 5, 2022.
             Slain by an ice beast (13 damage)
             ... on level 3 of the Dungeon.
             The game lasted 00:04:52 (4750 turns).

rogsnak the Magician (Djinni Hedge Wizard)          Turns: 4750, Time: 00:04:53

Health: -5/42      AC:  3    Str:  9    XL:     6   Next: 17%
Gold:   125        EV: 12    Int: 18    God:
                   SH:  0    Dex: 12

rFire   + + .      SeeInvis .   i - +4 dagger
rCold   x . .      Faith    .   (no shield)
rNeg    . . .      Spirit   .   b - +0 robe
rPois   ∞          Reflect  .   c - +0 hat
rElec   .          Harm     .   f - +0 cloak
rCorr   .          Rampage  .   (no gloves)
Will    .....                   (boots unavailable)
Stlth   ++........              (no amulet)
HPRegen 0.14/turn               (no ring)
MPRegen 0.00/turn               (no ring)

@: flying
A: sickness immunity, fire resistance 2, cold vulnerability 1, float, innate
caster, hp casting, extra vitality 1
a: no special abilities


You were on level 3 of the Dungeon.
You visited 1 branch of the dungeon, and saw 3 of its levels.

You collected 125 gold pieces.

Inventory:

Hand Weapons
 a - a +0 dagger
 i - a +4 dagger (weapon)
 m - a +0 dagger of draining
Missiles
 l - 3 javelins
 q - 35 poisoned darts
 t - 6 atropa-tipped darts
Armour
 b - a +0 robe (worn)
 c - a +0 hat (worn)
 f - a +0 cloak (worn)
Wands
 u - a wand of charming (5)
Scrolls
 d - a scroll of noise {unknown}
 g - 3 scrolls of teleportation {unknown}
 h - 4 scrolls of identify {unknown}
 j - 5 scrolls of fog {unknown}
 k - a scroll of summoning {unknown}
 p - a scroll of immolation {unknown}
Potions
 e - 2 potions of curing {unknown}
 n - 2 potions of cancellation {unknown}
 o - a potion of mutation {unknown}
 r - a potion of magic {unknown}
 s - a potion of heal wounds {unknown}


   Skills:
 + Level 1.0 Fighting
 + Level 3.2 Dodging
 - Level 1.5 Stealth
 + Level 4.5 Spellcasting


You couldn't memorise any spells.
You knew the following spells:

 Your Spells              Type           Power      Damage    Failure   Level
a - Magic Dart            Conj           80%        1d7       2%          1
b - Blink                 Tloc           40%        N/A       3%          2
c - Call Imp              Summ           20%        N/A       3%          2
d - Slow                  Hex            80%        N/A       2%          1
e - Conjure Flame         Conj/Fire      20%        6-21      6%          3
f - Mephitic Cloud        Conj/Pois/Air  20%        N/A       6%          3
g - Pain                  Necr           80%        1d8       2%          1
h - Wereblood             Tmut           20%        N/A       3%          2
Your spell library was empty.

Dungeon Overview and Level Annotations

Branches:
Dungeon (3/15)

Altars:
Dithmenos
Xom

Shops:
D:2 !


Innate Abilities, Weirdness & Mutations

You are immune to sickness and miasma.
You are immune to poison.
Your flesh is very heat resistant. (rF++)
You are vulnerable to cold. (rC-)
You float through the air rather than walking.
You learn spells naturally, not from books.
Your magical power is your life essence.
You have superior vitality. (+4 MHP)


Message History

Aiming: Pain (safe; 2% risk of failure)
Press: ? - help, Shift-Dir - straight line, f/p - ice beast
Aim: an ice beast (moderately wounded, chance to affect: 78%)
The ice beast writhes in agony.
The ice beast hits you. The ice beast freezes you!
You feel a terrible chill!
Unknown command.
Casting: Pain (safe; 2% risk of failure)
Confirm with . or Enter, or press ? or * to list all spells.
Aiming: Pain (safe; 2% risk of failure)
Press: ? - help, Shift-Dir - straight line, f/p - ice beast
Aim: an ice beast (moderately wounded, chance to affect: 78%)
The ice beast writhes in agony!
The ice beast completely misses you.
Unknown command.
Casting: Pain (safe; 2% risk of failure)
Confirm with . or Enter, or press ? or * to list all spells.
Aiming: Pain (safe; 2% risk of failure)
Press: ? - help, Shift-Dir - straight line, f/p - ice beast
Aim: an ice beast (heavily wounded, chance to affect: 78%)
The ice beast barely resists.
The ice beast hits you but does no damage.
Unknown command.
Casting: Pain (safe; 2% risk of failure)
Confirm with . or Enter, or press ? or * to list all spells.
Aiming: Pain (safe; 2% risk of failure)
Press: ? - help, Shift-Dir - straight line, f/p - ice beast
Aim: an ice beast (heavily wounded, chance to affect: 78%)
The ice beast writhes in agony.
The ice beast hits you but does no damage.
Unknown command.
Casting: Pain (safe; 2% risk of failure)
Confirm with . or Enter, or press ? or * to list all spells.
Aiming: Pain (safe; 2% risk of failure)
Press: ? - help, Shift-Dir - straight line, f/p - ice beast
Aim: an ice beast (severely wounded, chance to affect: 78%)
The ice beast writhes in agony.
* * * LOW HITPOINT WARNING * * *
The ice beast hits you.
* * * LOW HITPOINT WARNING * * *
The ice beast freezes you!
You feel a terrible chill!
You die...

.......†#......##.#.###..#.#.#
#######.#########.#.#......#.#
............... .........#.#.####
..#####.#########.#.####...#.....
..... ... ...J...<#.........
...####.########.#####.#.........
l..# #.##.............#...######
...# #.........Y................
...# ####.#.###@######..#...##".
...# #............#..#...##..
...# ###.##.#####.#..#..†##..
...# #.##.# #.#..#.#|#### ...#
#.##.#####.#..#.#).... ...#
#..#.......#.)#.#..###
...##########.#................##
........................######.##
.#.......#######.............#.##


You could see an ice beast.

Vanquished Creatures
  2 jellies (D:3)
  A centaur skeleton (D:2)
  3 gnolls (D:2)
  3 adders
  A white imp (D:3)
  A worm (D:3)
  2 dart slugs (D:1)
  4 orcs (D:3)
  6 ball pythons
  An endoplasm (D:1)
  3 giant cockroaches
  6 goblins
  3 hobgoblins
  6 kobolds
  3 quokkas (D:1)
  4 bats (D:1)
  4 frilled lizards
  5 rats
58 creatures vanquished.

Notes
Turn   | Place    | Note
-------+----------+-------------------------------------------
     0 | D:1      | rogsnak the Djinni Hedge Wizard began the quest for the
                  | Orb.
     0 | D:1      | Reached XP level 1. HP: 15/15 MP: 0/0
   186 | D:1      | Reached XP level 2. HP: 14/21 MP: 0/0
   502 | D:1      | Reached skill level 3 in Spellcasting
   824 | D:1      | Reached XP level 3. HP: 25/25 MP: 0/0
   824 | D:1      | Learned a level 1 spell: Pain
  1517 | D:2      | Reached XP level 4. HP: 17/31 MP: 0/0
  1889 | D:2      | Found Huroh's Distillery.
  1931 | D:2      | You are sucked into a shaft and drop 1 floor!
  1941 | D:3      | Noticed an ice beast
  2547 | D:3      | Found a shadowy altar of Dithmenos.
  2547 | D:3      | Found a shimmering altar of Xom.
  2738 | D:2      | Reached XP level 5. HP: 12/35 MP: 0/0
  2738 | D:2      | Learned a level 2 spell: Wereblood
  3495 | D:2      | Reached skill level 4 in Spellcasting
  4521 | D:3      | Reached XP level 6. HP: 33/41 MP: 0/0
  4554 | D:3      | Reached skill level 1 in Fighting
  4750 | D:3      | Slain by an ice beast

Illustrated notes

Levels and vault maps discovered:
D:1:      minmay_arrival_floating_metal, layout_basic, due_unseen_surprise
D:2:      layout_basic, serial_shops, nicolae_shop_statue_plus
D:3:      layout_basic, gammafunk_temple_overflow_wave,
          kennysheep_generic_room_9

Skill      XL: |  1  2  3  4  5  6 |
---------------+-------------------+-----
Spellcasting   | 3 4 |  4.5
Dodging        | 3 |  3.2
Fighting       | 1 |  1.0
Stealth        | |  1.5

Action                   |  1- 3 |  4- 6 || total
-------------------------+-------+-------++-------
Melee: Dagger            |     9 |    19 ||    28
 Cast: Magic Dart        |    59 |    86 ||   145
       Pain              |     1 |     9 ||    10
       Conjure Flame     |       |     6 ||     6
       Call Imp          |       |     1 ||     1
Armor: Robe              |     3 |    10 ||    13
Dodge: Dodged            |    15 |    28 ||    43

Table legend: (Time is in decaauts)
 A = Elapsed time spent in this place.
 B = Non-inter-level travel time spent in this place.
 C = Inter-level travel time spent in this place.
 D = Time resting spent in this place.
 E = Time spent auto-exploring this place.
 F = Levels seen in this place.
 G = Mean time per level.
                   A        B        C        D        E       F      G
               +--------+--------+--------+--------+--------+-----+--------+
         Total |   4750 |   4680 |     70 |    724 |   3454 |   3 | 1583.3 |
       Dungeon |   4750 |   4680 |     70 |    724 |   3454 |   3 | 1583.3 |
               +--------+--------+--------+--------+--------+-----+--------+

Top non-repeatable levels by time:
     D:3: 1704 daAuts
     D:2: 1674 daAuts
     D:1: 1371 daAuts
